 Dungeon Crawl Stone Soup version 0.21.0-25-ge575cb9 (webtiles) character file.

72 Monsterracer the Ducker (level 4, 28/39 HPs)
             Began as a Minotaur Gladiator on Jan 25, 2018.
             Quit the game on level 3 of the Dungeon.
             The game lasted 00:05:01 (2631 turns).

Monsterracer the Ducker (Minotaur Gladiator)        Turns: 2631, Time: 00:05:02

Health: 28/39      AC:  6    Str: 19    XL:     4   Next: 6%
Magic:  3/3        EV: 13    Int:  5    God:
Gold:   109        SH:  0    Dex: 12    Spells: 3/3 levels left

rFire    . . .     SeeInvis .   a - +0 long sword {!a}
rCold    . . .     Gourm    .   (no shield)
rNeg     . . .     Faith    .   k - +0 ring mail
rPois    .         Spirit   .   f - +0 hat
rElec    .         Reflect  .   (no cloak)
rCorr    .         Harm     .   (no gloves)
MR       .....                  e - +0 pair of boots
Stlth    +.........             (no amulet)
HPRegen  0.13/turn              (no ring)
MPRegen  0.08/turn              (no ring)

@: no status effects
A: retaliatory headbutt, horns 2
a: no special abilities


You were on level 3 of the Dungeon.
You were not hungry.

You visited 1 branch of the dungeon, and saw 3 of its levels.

You collected 109 gold pieces.

Inventory:

Hand Weapons
 a - a +0 long sword (weapon) {!a}
Missiles
 d - 3 throwing nets (quivered)
Armour
 e - a +0 pair of boots (worn)
 f - a +0 hat (worn)
 k - a +0 ring mail (worn)
Scrolls
 g - 3 scrolls of identify {unknown}
 j - 3 scrolls of teleportation {unknown}
 l - a scroll of immolation {unknown}
 m - a scroll of remove curse {unknown}
Potions
 b - a potion of berserk rage {unknown}
 h - a potion of might {unknown}
 i - 3 potions of cancellation {unknown}
 n - a potion of ambrosia {unknown}
Comestibles
 c - 2 rations


   Skills:
 + Level 3.6 Fighting
 - Level 3.6 Long Blades
 - Level 2.0 Throwing
 * Level 4.8 Dodging


You had 3 spell levels left.
You didn't know any spells.

Dungeon Overview and Level Annotations

Branches:
Dungeon (3/15)

Altars:


Innate Abilities, Weirdness & Mutations

You reflexively headbutt those who attack you in melee.
You have a pair of horns on your head.


Message History

The kobold misses you.
You riposte.
Your ring mail prevents you from hitting the kobold.
You headbutt the kobold, but do no damage.
The kobold misses you. You furiously retaliate!
You headbutt the kobold!
You kill the kobold!
You feel sick.
The hobgoblin hits you but does no damage.
You take 1 damage, and have 14/31 hp.
The hobgoblin closely misses you.
You riposte.
You closely miss the hobgoblin. The hobgoblin barely misses you.
You furiously retaliate!
You headbutt the hobgoblin.
You feel sick. The hobgoblin closely misses you. You furiously retaliate!
You headbutt the hobgoblin.
You kill the hobgoblin!
You have reached level 4!
You feel stronger.
You regained 2 hp, and now have 17/38 hp.
MP restored: 3
Things that are here:
a club; a whip; 4 stones There isn't anything to butcher here.
You feel sick.
You feel sick.
You are no longer poisoned.
Key pressed, stopping explore.
You are near starving!
You regained 9 hp, and now have 26/38 hp.
Key pressed, stopping explore.
You now have 109 gold pieces (gained 6).
Done exploring.
Health restored: 38 Done exploring.
Done exploring.
You see here a short sword.
You see here a club.
You see here a dagger.
There is a stone staircase leading down here.
You climb downwards.
Found 6 gold pieces.
There is a stone staircase leading up here.
An orc and an orc wizard come into view.
The orc wizard shouts!
The orc shouts!
The orc moves out of view. 2 bats come into view.
There are monsters nearby!
There are monsters nearby!
The bat hits you but does no damage.
An orc comes into view. It is wielding a short sword.
The bat completely misses you. You furiously retaliate!
You headbutt the bat!
You kill the bat!
The bat closely misses you.
You riposte.
You hit the bat.
You kill the bat!
The orc wizard hits you but does no damage.
The orc wizard closely misses you.
You riposte.
You barely miss the orc wizard.
An orc comes into view.
The orc shouts!
The orc moves out of view.
The orc wizard points at you and mumbles some strange words.
You resist with some effort.
You hear a shout!
An orc comes into view. It is wielding a trident.
The orc moves out of view.
The orc barely misses you. You furiously retaliate!
You headbutt the orc, but do no damage. The orc completely misses you.
The orc wizard gestures wildly while chanting.
The orc wizard flickers and vanishes!
Deactivating autopickup; reactivate with Ctrl-A.
The orc barely misses you. You furiously retaliate!
You headbutt the orc!
You kill the orc!
Health restored: 39
There is a stone staircase leading up here.
The orc barely misses you. Something hits you.
There is a stone staircase leading up here.
You take 1 damage, and have 38/39 hp.
The orc barely misses you. Something barely misses you.
You climb upwards.
There is a stone staircase leading down here.
Something hits you but does no damage.
You climb downwards.
The orc hits you with a trident.
There is a stone staircase leading up here.
You take 3 damage, and have 35/39 hp.
The orc closely misses you.
You riposte.
You barely miss the orc. You headbutt the orc.
The orc is moderately wounded.
The orc hits you but does no damage. The orc barely misses you.
The orc closely misses you.
Found 2 gold pieces.
A magic dart appears from out of thin air!
The magic dart hits you!
You take 7 damage, and have 29/39 hp.
You are starving!
You eat one of the 3 rations.
That ration really hit the spot!
There is a stone staircase leading up here.
Something hits you but does no damage.
You hit something but do no damage. You headbutt something.
Something hits you but does no damage.
The orc hits you from afar with a trident.
Something hits you but does no damage.
You take 3 damage, and have 28/39 hp.
Are you sure you want to abandon this character and quit the game? (Confirm with "yes".)

#.#.#... ..# #.$.##.#
#.# #..##.# #.#
#.#####..##.# #.#
#.$........o###.#
######...oo....#
#.#######.##.##.
#######.##oo...........
#....)..@{o.....#######
......##.##.####.#
..... #....# #... ....
###### ##### ... .. .


You could see 3 orcs.

Vanquished Creatures
  2 adders (D:2)
  A worm (D:1)
  3 leopard geckos
  An orc (D:3)
  3 giant cockroaches
  3 goblins (D:2)
  6 hobgoblins
  8 jackals
  4 bats
  4 frilled lizards (D:2)
  3 kobolds
  6 rats
44 creatures vanquished.

Notes
Turn   | Place    | Note
-------+----------+-------------------------------------------
     0 | D:1      | Monsterracer the Minotaur Gladiator began the quest for the Orb.
     0 | D:1      | Reached XP level 1. HP: 18/18 MP: 0/0
   288 | D:1      | Reached XP level 2. HP: 25/25 MP: 1/1
  1198 | D:1      | Reached skill level 4 in Dodging
  1360 | D:2      | Reached XP level 3. HP: 20/31 MP: 2/2
  2347 | D:2      | HP: 15/31 [poisoned by an adder]
  2355 | D:2      | HP: 14/31 [poisoned by an adder]
  2355 | D:2      | Reached XP level 4. HP: 17/38 MP: 3/3
  2363 | D:2      | HP: 16/38 [poisoned by an adder]
  2631 | D:3      | Quit the game

Skill      XL: |  1  2 |
---------------+-------+-----
Dodging        | 4 |  4.8
Fighting       | 3 |  3.6
Long Blades    | |  3.6
Throwing       | |  2.0

Action                   |  1- 3 |  4- 6 || total
-------------------------+-------+-------++-------
Melee: Headbutt          |     6 |     2 ||     8
       Long sword        |       |     1 ||     1
  Eat: Chunk             |     3 |       ||     3
       Ration            |       |     1 ||     1
Armor: Leather armour    |    24 |       ||    24
       Ring mail         |    72 |     5 ||    77
Dodge: Dodged            |   188 |    12 ||   200
       Rpst.: Long sword |    41 |     3 ||    44

Vault maps used:
D:1:      dpeg_arrival_orchard
D:2:      minmay_heptomino_w4
